 Dungeon Crawl Stone Soup version 0.20.1-1-g8b1a95d (console) character file.

157 vuolankoinen the Magician (level 5, -1/34 HPs)
             Began as an Octopode Wizard on Nov 22, 2017.
             Slain by a hippogriff (7 damage)
             ... on level 7 of the Dungeon.
             The game lasted 00:15:39 (3391 turns).

vuolankoinen the Magician (Octopode Wizard)         Turns: 3391, Time: 00:15:40

Health: -1/34      AC:  1    Str:  7    XL:     5   Next: 38%
Magic:  5/11       EV: 13    Int: 21    God:
Gold:   164        SH:  0    Dex: 10    Spells: 3/12 levels left

rFire    . . .     SeeInvis .   q - staff of earth (curse)
rCold    . . .     Gourm    .   (no shield)
rNeg     + . .     Faith    .   a - +0 hat
rPois    .         Spirit   .   (no amulet)
rElec    .         Reflect  .   r - ring of positive energy
rCorr    .         Harm     .   (no ring)
MR       .....                  (no ring)
Stlth    +++.......             (no ring)
Regen    0.2/turn               (no ring)
MPRegen  0.2/turn               (no ring)
                                (no ring)
                                (no ring)

@: very slightly contaminated
A: almost no armour, stealthy swim, amphibious, 8 rings, constrict 8, camouflage
1, gelatinous body 1
a: no special abilities


You were on level 7 of the Dungeon.
You were hungry.

You visited 1 branch of the dungeon, and saw 7 of its levels.

You collected 164 gold pieces.

Inventory:

Hand Weapons
 e - a +0 dagger
 j - a +2 dagger of pain
 n - a cursed +0 dagger
Armour
 a - a +0 hat (worn)
Magical Staves
 q - a cursed staff of earth (weapon)
Jewellery
 r - a ring of positive energy (left tentacle)
Wands
 s - a wand of confusion (38/48)
Scrolls
 h - a scroll of noise {unknown}
 l - a scroll of magic mapping
 t - a scroll of fear {unknown}
 u - a scroll of blinking
Potions
 c - a potion of resistance
 d - 2 potions of brilliance {unknown}
 f - a potion of haste {unknown}
 g - 3 potions of lignification
 i - a potion of mutation {unknown}
 k - 5 potions of curing
 m - a potion of flight
 o - 2 potions of heal wounds
Books
 b - a book of Minor Magic

   Spells                             Type                      Level
   a - Magic Dart                     Conjuration                  1
   b - Blink                          Translocation                2
   c - Call Imp                       Summoning                    2
   d - Slow                           Hexes                        2
   e - Conjure Flame                  Conjuration/Fire             3
   f - Mephitic Cloud                 Conjuration/Poison/Air       3
Comestibles
 p - 3 bread rations


   Skills:
 * Level 1.8 Fighting
 + Level 1.1 Short Blades
 + Level 2.3 Dodging
 + Level 4.1 Stealth
 + Level 4.1 Spellcasting
 + Level 1.7 Conjurations
   Level 1.0 Summonings
 + Level 1.0 Translocations


You had 3 spell levels left.
You knew the following spells:

 Your Spells              Type           Power        Failure   Level  Hunger
a - Magic Dart            Conj           ##..         6%          1    None
b - Blink                 Tloc           N/A          12%         2    #......
c - Mephitic Cloud        Conj/Pois/Air  #.......     28%         3    ###....
d - Conjure Flame         Conj/Fire      #.......     26%         3    ###....


Dungeon Overview and Level Annotations

Branches:
Dungeon (8/15)
 Temple: D:4-7         Lair: D:8-11

Altars:
Okawaru

Annotations:
D:2 Terence
D:3 Ijyb
D:4 exclusion: 2 worker ants, vuolankoinen's ghost, amateur OpWz
D:5 exclusion: orc priest
D:7 exclusion: quasit
D:8 exclusion: orc


Innate Abilities, Weirdness & Mutations

You cannot wear most types of armour.
You are very stealthy in the water. (Stealth+)
You are amphibious.
You can wear up to eight rings at the same time.
You can use your tentacles to constrict eight enemies at once.
Your skin changes colour to match your surroundings (Stealth+).
Your rubbery body absorbs attacks. (AC +1, EV +1)


Message History

Press: ? - help, Shift-Dir - straight line, f/p - hippogriff
Aim: a hippogriff The ball explodes into a vile cloud!
The stinking cloud engulfs the hippogriff.
You hear a shout! x2
The hippogriff is engulfed in noxious fumes.
You hit the hippogriff but do no damage.
Your squeeze misses the hippogriff.
The hippogriff is lightly wounded.
The hippogriff is engulfed in noxious fumes.
The hippogriff bites you! The hippogriff pecks you! The hippogriff claws you.
An orc comes into view. It is wielding a whip.
The orc shouts!
You hit the hippogriff but do no damage.
The hippogriff is lightly wounded.
The hippogriff is engulfed in noxious fumes.
The hippogriff bites you!
* * * LOW HITPOINT WARNING * * *
The hippogriff pecks you!
You die...

#.. ##.#
#############...
#......H.......#
#.#....#####...#
#.#.##..........
#.#.######......
#..H.#####.#...#
#...............
######§...####.##...
#..@H§§........ ..##
#o#####...#### ..##
# #.### ..# ##


You could see a hippogriff and an orc.

Vanquished Creatures
  A hound (D:3)
  A worker ant (D:8)
  A hound skeleton (D:3)
  An adder (D:2)
  A worm (D:1)
  2 dart slugs
  A leopard gecko (D:2)
  7 orcs
  10 bats
  5 hobgoblins
  4 jackals (D:3)
  7 kobolds
  2 quokkas
  A ball python (D:5)
  5 frilled lizards
  10 goblins
  6 rats
65 creatures vanquished.

Notes
Turn   | Place    | Note
-------+----------+-------------------------------------------
     0 | D:1      | vuolankoinen the Octopode Wizard began the quest for the Orb.
     0 | D:1      | Reached XP level 1. HP: 11/11 MP: 4/4
   580 | D:1      | Reached XP level 2. HP: 10/18 MP: 1/6
   681 | D:1      | Learned a level 2 spell: Blink
   812 | D:1      | Reached XP level 3. HP: 13/22 MP: 8/8
  1359 | D:2      | Reached skill level 1 in Fighting
  1997 | D:2      | Noticed Terence
  2118 | D:3      | Reached XP level 4. HP: 19/28 MP: 10/10
  2290 | D:3      | Learned a level 3 spell: Mephitic Cloud
  2294 | D:3      | Learned a level 3 spell: Conjure Flame
  2325 | D:3      | Noticed Ijyb
  2649 | D:3      | Reached skill level 1 in Short Blades
  2649 | D:3      | Reached XP level 5. HP: 29/34 MP: 2/11
  2758 | D:4      | Found an iron altar of Okawaru.
  2879 | D:4      | Noticed vuolankoinen's ghost (amateur OpWz)
  2883 | D:5      | Entered Level 5 of the Dungeon
  3041 | D:5      | You fall through a shaft for 3 floors!
  3369 | D:7      | Noticed a hippogriff
  3391 | D:7      | Slain by a hippogriff

Skill      XL: |  1  2  3  4  5 |
---------------+----------------+-----
Fighting       | 1 |  1.8
Stealth        | 3 4 |  4.1
Spellcasting   | 4 |  4.1
Short Blades   | 1 |  1.1
Dodging        | |  2.3
Conjurations   | |  1.7
Summonings     | |  1.0
Translocations | |  1.0

Action                   |  1- 3 |  4- 6 || total
-------------------------+-------+-------++-------
Melee: Dagger            |    65 |    30 ||    95
       Constrict         |    17 |    16 ||    33
       Unarmed           |     2 |       ||     2
       Tentacles         |     7 |     9 ||    16
       Staff             |       |    62 ||    62
 Cast: Magic Dart        |    33 |    25 ||    58
       Mephitic Cloud    |       |     4 ||     4
  Use: Scroll            |       |     7 ||     7
       Potion            |       |     1 ||     1
 Stab: Sleeping          |    10 |     3 ||    13
       Distracted        |     1 |     1 ||     2
  Eat: Bread ration      |     1 |       ||     1
       Chunk             |       |     3 ||     3
Armor: Skin              |     5 |    42 ||    47
Dodge: Dodged            |    36 |    50 ||    86
